 Dungeon Crawl Stone Soup version 0.18-a0-1745-gffa9a88 (webtiles) character file.

1348 Eucla the Poker (level 8, 0/70 HPs)
             Began as a Centaur Fighter on Apr 11, 2016.
             Killed by divine providence
             ... invoked by an orc priest
              (15 damage)
             ... on level 6 of the Dungeon.
             The game lasted 00:06:54 (5682 turns).

Eucla the Poker (Centaur Fighter)                   Turns: 5682, Time: 00:06:54

Health: 0/70       AC:  8    Str: 19    XL:     8   Next: 36%
Magic:  8/8        EV:  7    Int:  7    God:
Gold:   279        SH:  0    Dex: 11    Spells: 0 memorised, 7 levels left

rFire  . . .     SeeInvis .     y - +2 spear (flame)
rCold  . . .     Gourm    .     b - +0 scale mail
rNeg   . . .     Faith    .     (no shield)
rPois  .         Spirit   .     k - +0 helmet
rElec  .         Dismiss  .     (no cloak)
rCorr  .         Reflect  .     (no gloves)
SustAt .         Harm     .     (no barding)
MR     .....                    (no amulet)
Stlth  ..........               (no ring)
                                (no ring)

@: very quick, not resistant to hostile enchantments, extremely unstealthy
A: hooves 3, deformed body, speed 2, tough skin 3
a: no special abilities


You were on level 6 of the Dungeon.
You were hungry.

You visited 1 branch of the dungeon, and saw 6 of its levels.

You collected 279 gold pieces.

Inventory:

Hand Weapons
 a - a +0 trident
 t - a +3 shortbow
 y - a +2 spear of flaming (weapon)
Armour
 b - a +0 scale mail (worn)
 k - a +0 helmet (worn)
Jewellery
 c - a +2 ring of intelligence {unknown}
 z - an uncursed amulet of regeneration {unknown}
Wands
 A - a wand of flame (24/48)
Scrolls
 e - a scroll of recharging {unknown}
 h - 4 scrolls of remove curse {unknown}
 m - a scroll of immolation {unknown}
 o - a scroll of blinking {unknown}
 p - 10 scrolls of identify {unknown}
 r - a scroll of amnesia {unknown}
 s - a scroll of enchant weapon {unknown}
 v - 2 scrolls of magic mapping {unknown}
 w - a scroll of enchant armour {unknown}
 x - 2 scrolls of teleportation {unknown}
Potions
 d - 3 potions of might
 g - 2 potions of heal wounds {unknown}
 i - a potion of ambrosia {unknown}
 j - 2 potions of mutation {unknown}
 q - 3 potions of lignification
 u - 2 potions of agility {unknown}
 B - a potion of cancellation {unknown}
Comestibles
 f - 3 bread rations
 n - 2 meat rations


   Skills:
 + Level 6.1 Fighting
 * Level 6.8 Polearms
 + Level 4.2 Armour
   Level 2.1 Shields


You had 7 spell levels left.
You didn't know any spells.

Dungeon Overview and Level Annotations

Branches:
Dungeon (6/15)
 Temple: D:4-7

Altars:
Elyvilon
Makhleb
Pakellas
Qazlal
Ru
Trog

Shops:
D:4 }


Innate Abilities, Weirdness & Mutations

You have hooves in place of feet.
Armour fits poorly on your strangely shaped body.
You cover ground very quickly.
You have extremely tough skin (AC +3).


Message History

Aim: an orc warrior, wielding a scimitar and wearing a chain mail You reach to attack!
You hit the orc warrior. You burn the orc warrior.
The orc warrior is lightly wounded.
You hit the orc warrior but do no damage.
Your kick misses the orc warrior.
The orc warrior is lightly wounded.
The orc warrior hits you with a scimitar!
You hit the orc warrior but do no damage.
Your kick misses the orc warrior.
The orc warrior is lightly wounded.
You closely miss the orc warrior.
The orc warrior is lightly wounded.
The orc warrior hits you with a scimitar!!
Unknown command.
The orc priest mumbles some strange prayers to Beogh against you.
Beogh smites you!
* * * LOW HITPOINT WARNING * * *
The orc priest mumbles some strange prayers to Beogh against you.
Beogh smites you!
You die...

#.# #.##.. #.# #####. #.#
####### ## #.# #.....# # #.#
#>##### + #.# #.# # #.#
##.## ## #.###<..## #.
..#########@##.....########.
....oooo.o.......)..........
..############.....#########
##...## #... ##### #.## #
#.##


You could see an orc warrior, an orc priest and 3 orcs.

Vanquished Creatures
  2 sky beasts (D:6)
  A phantom (D:4)
  2 ogres (D:5)
  A giant frog (D:6)
  2 scorpions (D:6)
  A water moccasin skeleton (D:6)
  3 crimson imps
  2 orc priests (D:3)
  An orc wizard (D:3)
  A giant frog skeleton (D:5)
  2 centaur skeletons (D:4)
  Jessica (D:2)
  Terence (D:2)
  4 worker ants
  A hound skeleton (D:5)
  Robin (D:2)
  3 gnolls (D:4)
  12 adders
  An adder skeleton (D:4)
  4 worms
  2 dart slugs
  3 giant geckos
  8 orcs
  2 ball pythons
  4 bats
  2 giant cockroaches
  12 goblins
  13 hobgoblins
  4 jackals (D:3)
  6 kobolds
  3 quokkas
  A giant newt (D:3)
  9 rats
115 creatures vanquished.

Notes
Turn   | Place    | Note
--------------------------------------------------------------
     0 | D:1      | Eucla the Centaur Fighter began the quest for the Orb.
     0 | D:1      | Reached XP level 1. HP: 19/19 MP: 1/1
   116 | D:1      | Reached XP level 2. HP: 26/26 MP: 2/2
   670 | D:2      | Reached XP level 3. HP: 31/31 MP: 3/3
   716 | D:2      | Noticed Robin
   727 | D:2      | Killed Robin
   960 | D:2      | Reached XP level 4. HP: 19/39 MP: 4/4
  1175 | D:2      | Noticed Terence
  1378 | D:2      | Killed Terence
  1614 | D:2      | Noticed Jessica
  1617 | D:2      | Killed Jessica
  1617 | D:2      | Reached XP level 5. HP: 33/46 MP: 5/5
  1620 | D:2      | Found a stormy altar of Qazlal.
  1826 | D:3      | You fall through a shaft for 2 floors!
  1826 | D:5      | Entered Level 5 of the Dungeon
  1854 | D:5      | Noticed a moth of wrath
  1857 | D:5      | Found a bloodstained altar of Trog.
  1890 | D:5      | Noticed an ogre
  1917 | D:5      | Killed an ogre
  2125 | D:5      | Reached XP level 6. HP: 52/52 MP: 6/6
  2526 | D:5      | Found a sacrificial altar of Ru.
  3211 | D:4      | Reached skill level 5 in Polearms
  3242 | D:4      | Found a burning altar of Makhleb.
  3414 | D:4      | Found an oddly glowing altar of Pakellas.
  3414 | D:4      | Found Pakellas's Prime Provisions.
  3475 | D:4      | Reached XP level 7. HP: 22/60 MP: 7/7
  3637 | D:4      | Reached skill level 5 in Fighting
  4145 | D:3      | Found a white marble altar of Elyvilon.
  4288 | D:3      | Found a faded altar to an unknown god.
  5018 | D:6      | Reached XP level 8. HP: 54/70 MP: 8/8
  5682 | D:6      | Killed from afar by an orc priest

Vault maps used:
D:1:      eino_arrival_water_cross
D:2:      grunt_qazlal_clouds, hangedman_decor_opposing, uniq_terence,
          uniq_robin, uniq_jessica
D:3:      ecumenical_altar_2, corexii_hall_statues_i, elyvilon_altar_1
D:4:      johnstein_pakellas_shop, bloody_makhleb
D:5:      tgw_trog, nicolae_ru_path_of_blood, first_bread, roderic_lattice_a
D:6:      minmay_temple_entry_enclosed_plants, st_stairs_10,
          kennysheep_generic_room_3

Skill      XL: |  1  2  3  4  5  6  7  8 |
---------------+-------------------------+-----
Polearms       | 2 3 4 5 6 |  6.8
Fighting       | 4 5 6 |  6.1
Armour         | 3 4 |  4.2
Shields        | |  2.1

Action                   |  1- 3 |  4- 6 |  7- 9 || total
-------------------------+-------+-------+-------++-------
Melee: Trident           |   110 |   182 |    19 ||   311
       Spear             |       |       |   224 ||   224
  Use: Potion            |       |       |     2 ||     2
  Eat: Beef jerky        |       |     1 |       ||     1
       Chunk             |       |     2 |     1 ||     3
       Fruit             |       |     7 |       ||     7
       Pizza             |       |       |     1 ||     1
